AoeStats
← Vega

Black Forest

507389684Analyzed
4v4 RM · 13d ago on Sep 18, 2026· 70m 23s· 8 players
Game mode
Random Map
Map size
Large (8 player)
Population
200
Speed
Normal
Resources
Standard
Victory
Conquest
Starting age
Dark Age
Ending age
Imperial Age
RankedLock teamsTeams togetherTeam positionsShared explorationLock speedFull tech treeHidden civsTurbo modeCheats
Victory
Defeat
🇧🇷 Britons · Brazil
827
+12
🇨🇳 Persians · China
760
+15
🇮🇩 Turks · Indonesia
496
+25
🇮🇩 Cumans · Indonesia
494
+26
🇨🇱 Mongols · Chile
782
-22
🇨🇱 Turks · Chile
751
-33
🇨🇴 Koreans · Colombia
677
-18
🇦🇷 Byzantines · Argentina
661
-17
LReyes4029
1:36 Loom
14:53 Feudal Age
16:02 Arson
16:05 Double-Bit Axe
16:05 Horse Collar
16:18 Gold Mining
18:11 Wheelbarrow
17:33 Fletching
19:35 Town Watch
24:25 Castle Age
23:38 Stone Mining
25:48 Gold Shaft Mining
25:16 Heavy Plow
25:32 Bow Saw
27:35 Bodkin Arrow
28:45 Thumb Ring
29:57 Stone Shaft Mining
31:22 Hand Cart
31:48 Fortified Wall
33:33 Town Patrol
34:12 Ballistics
33:34 Treadmill Crane
34:04 Masonry
34:07 Forging
33:59 Scale Mail Armor
36:06 Elite Skirmisher
41:00 Imperial Age
38:56 Eupseong
40:04 Iron Casting
39:27 Murder Holes
42:59 Conscription
43:48 Chemistry
42:51 Bracer
43:00 Siege Engineers
44:36 Guilds
44:27 Caravan
45:04 Architecture
44:52 Chain Mail Armor
45:44 Two-Man Saw
44:53 Squires
44:15 Pikeman
48:08 Heavy Rocket Cart
49:10 Shinkichon
63:02 Pikeman
63:58 Halberdier
shentayto
1:35 Loom
12:42 Feudal Age
13:07 Double-Bit Axe
19:48 Castle Age
18:43 Gold Mining
19:05 Horse Collar
21:54 Heavy Plow
23:27 Bow Saw
27:16 Stone Mining
38:13 Siphons
38:17 Padded Archer Armor
38:16 Fletching
40:30 Ballistics
42:43 Imperial Age
40:45 Sipahi
40:38 Scale Barding Armor
40:48 Leather Archer Armor
40:28 Bodkin Arrow
43:37 Gold Shaft Mining
47:06 Heavy Cavalry Archer
48:13 Parthian Tactics
48:11 Chain Barding Armor
48:21 Ring Archer Armor
47:52 Bracer
63:55 Plate Barding Armor
63:57 Bombard Tower
jucealegria
13:19 Feudal Age
11:35 Loom
16:14 Horse Collar
16:23 Double-Bit Axe
18:14 Gold Mining
25:34 Castle Age
23:44 Stone Mining
26:01 Forging
25:42 Fletching
25:53 Scale Mail Armor
25:54 Padded Archer Armor
26:00 Scale Barding Armor
30:22 Heavy Plow
31:31 Wheelbarrow
31:13 Bow Saw
31:46 Gold Shaft Mining
31:52 Stone Shaft Mining
33:07 Hand Cart
33:22 Nomads
35:07 Iron Casting
34:29 Bodkin Arrow
35:48 Caravan
39:18 Imperial Age
40:38 Drill
39:45 Elite Mangudai
40:47 Leather Archer Armor
40:58 Ballistics
41:27 Parthian Tactics
42:13 Heavy Cavalry Archer
43:53 Heavy Scorpion
47:07 Chemistry
48:27 Bracer
49:28 Blast Furnace
48:44 Chain Mail Armor
48:49 Chain Barding Armor
59:57 Arson
60:13 Squires
59:34 Pikeman
60:49 Plate Mail Armor
Vega
12:11 Loom
14:33 Feudal Age
14:56 Horse Collar
19:14 Wheelbarrow
21:49 Wheelbarrow
21:48 Double-Bit Axe
26:04 Castle Age
25:17 Forging
25:04 Gold Mining
25:06 Stone Mining
27:10 Caravan
27:54 Heavy Plow
30:39 Scale Barding Armor
32:01 Gold Shaft Mining
32:37 Stone Shaft Mining
32:18 Fletching
33:07 Iron Casting
33:15 Bow Saw
35:18 Hand Cart
39:09 Imperial Age
37:02 Fortified Wall
38:34 Murder Holes
39:02 Chain Barding Armor
39:08 Husbandry
41:03 Crop Rotation
41:13 Conscription
42:58 Fletching
43:49 Plate Barding Armor
43:18 Padded Archer Armor
44:21 Chemistry
47:31 Plate Barding Armor
46:25 Pikeman
46:29 Elite Skirmisher
47:36 Halberdier
48:37 Squires
49:45 Leather Archer Armor
49:37 Scale Mail Armor
57:27 Ballistics
59:25 Chain Mail Armor
Kadojc
1:00 Loom
11:57 Feudal Age
14:27 Double-Bit Axe
14:25 Horse Collar
15:17 Town Watch
19:20 Castle Age
18:38 Horse Collar
20:26 Stone Mining
21:01 Heavy Plow
25:31 Wheelbarrow
30:45 Bow Saw
31:54 Hand Cart
37:33 Imperial Age
36:04 Fletching
36:16 Padded Archer Armor
36:27 Forging
36:18 Scale Mail Armor
36:23 Scale Barding Armor
37:18 Caravan
37:49 Coinage
38:05 Masonry
37:35 Treadmill Crane
37:46 Heated Shot
39:26 Chemistry
38:55 Conscription
38:32 Man-at-Arms
38:58 Gambesons
40:13 Yeomen
39:51 Bodkin Arrow
41:18 Banking
40:15 Long Swordsman
42:15 Two-Man Saw
41:58 Elite Longbowman
42:13 Sappers
43:19 Two-Handed Swordsman
45:06 Hoardings
47:25 Champion
48:25 Capped Ram
49:49 Guilds
50:08 Chain Mail Armor
49:55 Bracer
55:44 Onager
57:18 Chain Barding Armor
57:34 Iron Casting
57:30 Plate Mail Armor
57:45 Light Cavalry
70:19 Plate Barding Armor
34542180
11:09 Feudal Age
9:53 Loom
13:10 Horse Collar
13:17 Double-Bit Axe
19:32 Castle Age
21:07 Bow Saw
21:10 Heavy Plow
26:46 Wheelbarrow
27:49 Hand Cart
30:29 Caravan
30:45 Town Watch
34:13 Imperial Age
31:44 Town Patrol
35:52 Conscription
36:55 Elite War Elephant
40:20 Two-Man Saw
39:53 Crop Rotation
39:19 Gold Mining
39:21 Stone Mining
43:47 Chemistry
42:59 Masonry
43:11 Ballistics
42:50 Murder Holes
52:34 Guilds
54:45 Light Cavalry
55:39 Bloodlines
55:32 Husbandry
55:31 Cavalier
58:21 Forging
58:17 Scale Barding Armor
58:18 Savar
60:22 Iron Casting
60:09 Chain Barding Armor
62:20 Blast Furnace
64:08 Plate Barding Armor
63:35 Scale Mail Armor
65:02 Hussar
genkogenka
1:05 Loom
15:03 Feudal Age
15:50 Double-Bit Axe
15:47 Horse Collar
16:12 Gold Mining
17:02 Stone Mining
27:20 Castle Age
29:17 Gold Shaft Mining
28:52 Heavy Plow
32:15 Bloodlines
32:06 Husbandry
35:17 Thumb Ring
34:34 Crossbowman
35:30 Scale Barding Armor
35:36 Forging
35:21 Fletching
36:03 Bow Saw
41:08 Imperial Age
39:21 Wheelbarrow
42:14 Hand Cart
41:50 Town Watch
42:33 Ballistics
42:26 Fortified Wall
42:19 Bodkin Arrow
42:46 Chain Barding Armor
43:02 Iron Casting
43:34 Town Patrol
43:43 Caravan
44:13 Coinage
43:54 Guilds
44:20 Bracer
47:36 Elite Janissary
51:50 Cavalier
53:12 Sappers
54:03 Conscription
54:22 Hoardings
64:47 Plate Barding Armor
65:13 Blast Furnace
64:15 Padded Archer Armor
66:36 Banking
Roosevelt
1:21 Loom
14:02 Feudal Age
22:26 Castle Age
21:38 Double-Bit Axe
21:35 Horse Collar
25:01 Town Watch
25:52 Wheelbarrow
25:43 Fervor
26:11 Bow Saw
26:04 Heavy Plow
25:34 Crossbowman
28:16 Stone Mining
28:16 Gold Mining
29:14 Bloodlines
31:33 Steppe Husbandry
33:06 Herbal Medicine
33:26 Pikeman
34:09 Squires
34:19 Murder Holes
34:15 Heated Shot
37:12 Caravan
39:56 Imperial Age
41:43 Halberdier
42:16 Cavalier
44:16 Onager
50:11 Paladin
63:32 Ballistics
Connection lost

Rejoining the realm…

Still unreachable

The connection could not be restored.

Session expired

The server has moved on; the page needs a fresh start.